 Dungeon Crawl Stone Soup version 0.29-a0-878-g7b45a56547 (webtiles) character file.

Game seed: 14762248979853349032

19 27snakeeyes612 the Firebug (level 2, -1/15 HPs)
             Began as a Deep Elf Fire Elementalist on July 20, 2022.
             Slain by an adder (3 damage)
             ... on level 2 of the Dungeon.
             The game lasted 00:01:47 (1343 turns).

27snakeeyes612 the Firebug (DEFE)                   Turns: 1343, Time: 00:01:47

Health: -1/15      AC:  2    Str:  2 (5)  XL:     2   Next: 55%
Magic:  6/8        EV: 12    Int: 17 (19) God:
Gold:   62         SH:  0    Dex: 14 (15) Spells: 6/7 levels left

rFire   + . .      SeeInvis .   k - +0 sling (freeze)
rCold   . . .      Faith    .   (no shield)
rNeg    . . .      Spirit   .   a - +0 robe
rPois   .          Reflect  .   (no helmet)
rElec   .          Harm     .   (no cloak)
rCorr   .          Rampage  .   (no gloves)
Will    .....                   (no boots)
Stlth   ++........              (no amulet)
HPRegen 0.05/turn               h - ring of protection from fire
MPRegen 0.11/turn               (no ring)

@: no status effects
A: no striking features
a: no special abilities


You were on level 2 of the Dungeon.
You visited 1 branch of the dungeon, and saw 2 of its levels.

You collected 62 gold pieces.

Inventory:

Hand Weapons
 k - a +0 sling of freezing (weapon)
Armour
 a - a +0 robe (worn)
Jewellery
 h - a ring of protection from fire (left hand)
Scrolls
 c - a scroll of teleportation {unknown}
 d - a scroll of silence {unknown}
 e - a scroll of poison {unknown}
 f - 3 scrolls of torment {unknown}
 i - 2 scrolls of identify {unknown}
Potions
 b - 2 potions of magic
 g - a potion of degeneration
 j - a potion of curing {unknown}


   Skills:
 + Level 2.7 Dodging
 + Level 2.8 Stealth
 + Level 3.3 Spellcasting
 + Level 1.5 Conjurations
 + Level 3.5 Fire Magic


You had 6 spell levels left.
You knew the following spells:

 Your Spells              Type           Power      Damage    Failure   Level
a - Foxfire               Conj/Fire      44%        2x1d6     6%          1

Your spell library contained the following spells:

 Spells                   Type           Power      Damage    Failure   Level
 Scorch                   Fire           28%        2d6       6%          2
 Slow                     Hex            8%         N/A       17%         1
 Conjure Flame            Conj/Fire      11%        6-21      19%         3
 Inner Flame              Hex/Fire       8%         N/A       24%         3
 Confusing Touch          Hex            2%         N/A       45%         3
 Vampiric Draining        Necr           2%         2d6       45%         3
 Flame Wave               Conj/Fire      11%        2d5       52%         4


Dungeon Overview and Level Annotations

Branches:
Dungeon (2/15)

Altars:

Shops:
D:1 *


Message History

The sling bullet barely misses the gnoll.
You conjure some foxfire!
You conjure some foxfire!
The foxfire hits the gnoll but does no damage.
The foxfire hits the gnoll.
The gnoll is moderately wounded.
The foxfire hits the gnoll but does no damage.
The gnoll is moderately wounded.
The foxfire hits the gnoll.
The gnoll is heavily wounded.
You conjure some foxfire!
The foxfire hits the gnoll.
The gnoll is heavily wounded.
The foxfire hits the gnoll.
The gnoll is lightly wounded.
The gnoll closely misses you. The gnoll hits you with a +0 whip.
The gnoll closely misses you. The gnoll barely misses you.
The gnoll hits you with a +0 flail.
You conjure some foxfire!
The gnoll closely misses you. The gnoll barely misses you.
The foxfire hits the gnoll.
The gnoll is heavily wounded.
The foxfire hits the gnoll.
The gnoll is severely wounded.
The gnoll hits you with a +0 whip. The gnoll hits you with a +0 flail!
Ouch! That really hurt!
* * * LOW HITPOINT WARNING * * *
The gnoll attacks as you move away! The gnoll closely misses you.
An adder comes into view.
You see here a ball python corpse.
It was a potion of degeneration.
There was something very wrong with that liquid.
You feel weakened.
You feel dopey.
You feel clumsy.
The adder hisses angrily.
The gnoll attacks as you move away! The gnoll completely misses you.
A giant cockroach comes into view.
The adder barely misses you. The adder bites you but does no damage.
A worm comes into view.
The adder bites you.
You die...

#.....).#............
#...##.....#.)..........
........................
#......#.#..........##
#.[.....#.#.#.#.##.###
#.......#.#.#.†.#..#
......#.#.#.#....##
..... #...#g......#
#.@##.#...###
#..Sg.#....#
............w###
...........#.#
......B....##.#
.≈≈........#
≈..≈.......#
≈..≈..≈≈...≈
.≈..≈..≈..≈≈


You could see a worm (wandering), a gnoll, an adder and a giant cockroach.

Vanquished Creatures
  An endoplasm (D:1)
  3 goblins (D:1)
  4 jackals (D:1)
  2 kobolds (D:1)
  A quokka (D:1)
  A ball python (D:2)
  2 bats (D:1)
  2 rats (D:1)
16 creatures vanquished.

Vanquished Creatures (others)
  57 foxfires
57 creatures vanquished.

Grand Total: 73 creatures vanquished

Notes
Turn   | Place    | Note
-------+----------+-------------------------------------------
     0 | D:1      | 27snakeeyes612 the Deep Elf Fire Elementalist began the
                  | quest for the Orb.
     0 | D:1      | Reached XP level 1. HP: 10/10 MP: 6/6
   142 | D:1      | Found Buemup's Assorted Antiques.
   362 | D:1      | Reached XP level 2. HP: 11/15 MP: 5/8
  1219 | D:1      | Found a faded altar of an unknown god.
  1343 | D:2      | Slain by an adder

Illustrated notes

Levels and vault maps discovered:
D:1:      eino_arrival_water_cross, layout_loops_ring,
          shapermc_ecumenical_altar_acropolis, serial_shops,
          nicolae_shop_overgrown_old_shop
D:2:      cheibrodos_helix_gallery, layout_basic, serial_shops,
          nicolae_shop_statue_plus, basic_altar, serial_rivers,
          chequers_serial_rivers_micro_b, chequers_serial_rivers_small_b,
          chequers_serial_rivers_large_b, chequers_serial_rivers_micro_d,
          minmay_3d_cube, uniq_jessica

Action                   || total
-------------------------++-------
 Fire: Sling             ||     1
 Cast: Foxfire           ||    36
  Use: Potion            ||     1
Armor: Robe              ||     5
Dodge: Dodged            ||    29

Table legend: (Time is in decaauts)
 A = Elapsed time spent in this place.
 B = Non-inter-level travel time spent in this place.
 C = Inter-level travel time spent in this place.
 D = Time resting spent in this place.
 E = Time spent auto-exploring this place.
 F = Levels seen in this place.
 G = Mean time per level.
                   A        B        C        D        E       F      G
               +--------+--------+--------+--------+--------+-----+--------+
         Total |   1342 |   1328 |     14 |      0 |   1168 |   2 |  671.0 |
       Dungeon |   1342 |   1328 |     14 |      0 |   1168 |   2 |  671.0 |
               +--------+--------+--------+--------+--------+-----+--------+

Top non-repeatable levels by time:
     D:1: 1286 daAuts
     D:2: 56 daAuts
